 Dungeon Sprint DCSS version 0.27.1 (webtiles) character file.

Game seed: 13638177454746691097

7 sasquatch the Destroyer (level 2, -3/15 HPs)
             Began as a Tengu Conjurer on Aug 22, 2021.
             Slain by a wolf (9 damage)
             ... in the Dungeon (Sprint V: "Ziggurat Sprint").
             The game lasted 00:02:38 (116 turns).

sasquatch the Destroyer (Tengu Conjurer)             Turns: 116, Time: 00:02:40

Health: -3/15      AC:  2    Str:  7    XL:     2   Next: 0%
Magic:  5/9        EV: 12    Int: 30    God:
Gold:   0          SH:  0    Dex: 12    Spells: 8/11 levels left

rFire    . . .     SeeInvis .   I - +5 rapier
rCold    . . .     Faith    .   (no shield)
rNeg     . . .     Spirit   .   a - +0 robe
rPois    .         Reflect  .   (helmet restricted)
rElec    .         Harm     .   (no cloak)
rCorr    .         Rampage  .   (no gloves)
Will     .....     NoTele   +   (boots unavailable)
Stlth    ++........             (no amulet)
HPRegen  0.05/turn              A - +6 ring of intelligence
MPRegen  0.11/turn              B - +6 ring of intelligence

@: no status effects
A: beak, talons 3
a: no special abilities


You were in the Dungeon.
You visited 1 branch

Inventory:

Hand Weapons
 u - the +6 Majin-Bo {vamp, MP+6 Int+6}
   (You found it in the Dungeon)

   It occasionally heals its wielder for a portion of the damage dealt when they
   wound a living foe with it or with a spell.
   Its wielder's spells cost health as well as magical power.
   Int:       It affects your intelligence (+6).
   MP:        It affects your magic capacity (+6).
 I - a +5 rapier (weapon)
Armour
 a - a +0 robe (worn)
 r - a +3 buckler
 s - a +3 kite shield
 t - a +3 tower shield
 v - the +18 shield of the Gong {rElec rN+ Will+ EV-5}
   (You found it in the Dungeon)

   It is deafeningly noisy when blocking attacks.
   EV:        It affects your evasion (-5).
   rElec:     It insulates you from electricity.
   rN:        It protects you from negative energy.
   Will:      It increases your willpower.
Jewellery
 x - a ring of flight
 y - a +6 ring of dexterity
 z - a +6 ring of dexterity
 A - a +6 ring of intelligence (left hand)
 B - a +6 ring of intelligence (right hand)
 C - a +6 ring of strength
 D - a +6 ring of strength
Wands
 E - a wand of mindburst (7)
 F - a wand of iceblast (7)
 G - a wand of acid (7)
Scrolls
 g - 4 scrolls of blinking
 m - 4 scrolls of amnesia
 n - 7 scrolls of fog
 o - a scroll of holy word
 p - 5 scrolls of identify
 q - 2 scrolls of fear
Potions
 b - 10 potions of curing
 c - 10 potions of heal wounds
 d - 6 potions of haste
 e - 7 potions of magic
 f - 3 potions of berserk rage
 h - 2 potions of brilliance
 i - 2 potions of invisibility
 j - 4 potions of resistance
 l - 5 potions of might
Miscellaneous
 w - a lightning rod (4/4)


   Skills:
 - Level 2.1 Dodging
 - Level 2.0 Stealth
 + Level 5.1 Spellcasting
 + Level 8.7 Conjurations


You had 8 spell levels left.
You knew the following spells:

 Your Spells              Type           Power      Damage    Failure   Level
a - Magic Dart            Conj           100%       1d8       1%          1
b - Searing Ray           Conj           100%       3d7       1%          2

Your spell library contained the following spells:

 Spells                   Type           Power      Damage    Failure   Level
 Dazzling Flash           Conj/Hex       68%        N/A       2%          3
 Fulminant Prism          Conj/Hex       17%        3d11      10%         4
 Iskenderun's Mystic Bla  Conj/Tloc      34%        2d8       10%         4


Dungeon Overview and Level Annotations

Branches:
Dungeon (1/1)

Altars:
Ashenzari
Cheibriados
Dithmenos
Elyvilon
Fedhas
Gozag
Hepliaklqana
Kikubaaqudgha
Makhleb
Nemelex Xobeh
Okawaru
Qazlal
Ru
Sif Muna
Trog
Uskayaw
Vehumet
Wu Jian
Xom
Yredelemnul
Zin
The Shining One
Beogh
Jiyva
Lugonu

Annotations:
D 1 transporter


Innate Abilities, Weirdness & Mutations

You have a beak for a mouth.
You have claws for feet.


Message History

The darkness slowly releases its grasp on your magic.
You are now empty-handed.
Things that are here:
a +5 quick blade; a +5 rapier; a +5 dagger
k - a +5 dagger;
H - a +5 quick blade;
I - a +5 rapier Unknown command.
I - a +5 rapier (weapon)
Drop what? 35/52 slots (_ for help) (? for menu, Esc to quit)
You drop a +5 dagger.
You drop a +5 quick blade.
There is a transporter here.
Welcome to arena 1.
You enter the transporter and appear at another place.
A wolf and a black bear come into view.
Found two condenser vanes.
Found a transporter.
Cast which spell? (? or * to list)
Okay, then.
Cast which spell? (? or * to list)
You don't know that spell.
Unknown command.
Unknown command.
Cast which spell? (? or * to list)
Aiming: Searing Ray (safe; 1% risk of failure)
Press: ? - help, Shift-Dir - straight line, f - black bear
Aim: a black bear (asleep, 100% to hit)
The searing ray hits the black bear!
The black bear is moderately wounded.
The black bear growls angrily. (Press . to maintain the ray.)
The wolf howls!
The searing ray hits the black bear.
The black bear is heavily wounded.
The wolf barely misses you.
The searing ray hits the black bear!
You kill the black bear!
The wolf bites you!
Ouch! That really hurt!
The wolf bites you!
Ouch! That really hurt!
You die...

▓▓▓▓▓▓▓
▓.8©8.▓
▓.....▓
▓.}.}.▓
▓.....▓
▓..h†.▓
▓..@..▓
▓▓▓▓▓▓▓


You could see a wolf.

Vanquished Creatures
  A black bear (D)
1 creature vanquished.

Notes
Turn   | Place    | Note
-------+----------+-------------------------------------------
     0 | D        | sasquatch the Tengu Conjurer began the quest for the Orb.
     0 | D        | Reached XP level 1. HP: 10/10 MP: 4/4
     0 | D        | Found a shimmering blue altar of Sif Muna.
     0 | D        | Found a sacrificial altar of Ru.
     0 | D        | Found a bloodstained altar of Trog.
     0 | D        | Found a stormy altar of Qazlal.
     0 | D        | Found an iron altar of Okawaru.
     0 | D        | Found a sparkling altar of Nemelex Xobeh.
     0 | D        | Found a blossoming altar of Fedhas.
     0 | D        | Found the +6 Majin-Bo {vamp, MP+6 Int+6}
     0 | D        | Found the +9 heavy crossbow "Sniper" {vorpal, Acc+∞ SInv}
     0 | D        | Found the +10 dark maul {vorpal}
     0 | D        | Found the +15 Maxwell's patent armour {-Cast -Tele rElec
                  | Will+ rCorr}
     0 | D        | Found the +18 shield of the Gong {rElec rN+ Will+ EV-5}
     0 | D        | Found the +14 obsidian axe {vorpal, Drain Fly SInv}
     0 | D        | Found the +7 great mace "Firestarter" {inner flame, rF++}
     0 | D        | Found the +6 shillelagh "Devastator" {shatter}
     0 | D        | Found the +11 plutonium sword {Contam Stlth-}
     0 | D        | Found the +8 lance "Wyrmbane" {slay drac, rPois rF+ rC+
                  | AC+3}
     0 | D        | Found the +9 sword of Zonguldrok {reap}
     0 | D        | Found the +13 scythe of Curses {drain, Drain}
     0 | D        | Found the +5 sword of Power {vorpal}
     0 | D        | Found the +7 mace of Variability {chain chaos}
     0 | D        | Found the +7 Singing Sword {vorpal, sonic wave}
     0 | D        | Found the +8 storm bow {elec, penet}
     2 | D        | Found a transporter.
     2 | D        | Found an ancient bone altar of Kikubaaqudgha.
     2 | D        | Found a viscous altar of Jiyva.
     2 | D        | Found a corrupted altar of Lugonu.
     2 | D        | Found a hazy altar of Hepliaklqana.
     2 | D        | Found a burning altar of Makhleb.
     2 | D        | Found an opulent altar of Gozag.
    32 | D        | Reached skill level 5 in Spellcasting
    32 | D        | Reached skill level 8 in Conjurations
    32 | D        | Reached XP level 2. HP: 15/15 MP: 5/9
    36 | D        | Learned a level 2 spell: Searing Ray
   113 | D        | Entered arena 2.
   113 | D        | Noticed a wolf
   113 | D        | Noticed a black bear
   113 | D        | Found a transporter.
   116 | D        | Killed a black bear
   116 | D        | Slain by a wolf

Illustrated notes

Levels and vault maps discovered:
D:        sprint_v [room_start, room_1, room_2, room_3, room_4, room_5, room_6,
          room_7, room_8, room_9, room_10, room_11, room_12, room_13, room_14,
          room_15, room_16, room_17, room_18, room_19, room_20, room_21,
          room_22, room_23, room_24, room_25, room_26, room_27]

Skill      XL: |  1 |
---------------+----+-----
Spellcasting   | 5 |  5.1
Conjurations   | 8 |  8.7
Dodging        | |  2.1
Stealth        | |  2.0

Action                   || total
-------------------------++-------
 Cast: Searing Ray       ||     1
  Use: Potion            ||     1
Dodge: Dodged            ||     1
